 Dungeon Crawl Stone Soup version 0.30-a0-390-g80c34de65d (webtiles) character file.

Game seed: 13775234543917520258

737 SmokeWeed the Chopper (level 7, 0/61 HPs)
             Began as a Hill Orc Fighter on Dec 4, 2022.
             Was an Initiate of Beogh.
             Slain by a gnoll bouda
             ... wielding a +2 whip of freezing
              (4 damage)
             ... on level 6 of the Dungeon.
             The game lasted 00:11:49 (3262 turns).

SmokeWeed the Chopper (Hill Orc Fighter)            Turns: 3262, Time: 00:11:51

Health: 0/61       AC: 15    Str: 24    XL:     7   Next: 74%
Magic:  7/7        EV:  6    Int: 11    God:    Beogh [......]
Gold:   72         SH:  4    Dex: 10    Spells: 6/6 levels left

rFire   . . .      SeeInvis .    a - +0 war axe
rCold   . . .      Faith    .    c - +0 buckler
rNeg    . . .      Spirit   .    m - +0 plate armour
rPois   .          Reflect  .    f - +1 helmet {Int+3}
rElec   .          Harm     .    (no cloak)
rCorr   .          Rampage  .    h - +0 pair of gloves {Str+3}
Will    .....                    (no boots)
Stlth   ..........               (no amulet)
HPRegen 0.30/turn                j - ring of flight
MPRegen 0.10/turn                (no ring)

@: mighty, weakened, flying
A: no striking features
a: Renounce Religion


You were on level 6 of the Dungeon.
You worshipped Beogh.
Beogh was noncommittal.
You visited 1 branch of the dungeon, and saw 6 of its levels.

You collected 252 gold pieces.
You spent 180 gold pieces at shops.

Inventory:

Hand Weapons
 a - a +0 war axe (weapon)
 q - a +2 trident of freezing
 s - the +10 quarterstaff "Quqibio" {vorpal, *Slow rElec Int+4}
   (You bought it in a shop on level 5 of the Dungeon)

   It inflicts extra damage upon your enemies.
   Int:       It affects your intelligence (+4).
   rElec:     It insulates you from electricity.
   *Slow:     It may slow you when you take damage.
Missiles
 p - 3 boomerangs (quivered)
Armour
 b - a +0 scale mail
 c - a +0 buckler (worn)
 f - a +1 helmet of intelligence (worn)
 h - a +0 pair of gloves of strength (worn)
 m - a +0 plate armour (worn)
Jewellery
 j - a ring of flight (left hand)
Wands
 u - a wand of digging (4)
Scrolls
 i - 4 scrolls of identify
 l - 2 scrolls of butterflies {unknown}
 n - 2 scrolls of fear {unknown}
 w - a scroll of teleportation {unknown}
 x - 2 scrolls of poison
 y - a scroll of blinking {unknown}
 z - a scroll of vulnerability {unknown}
 A - 3 scrolls of brand weapon {unknown}
Potions
 d - a potion of might
 g - a potion of berserk rage {unknown}
 k - 5 potions of curing {unknown}
 o - a potion of attraction {unknown}
 r - a potion of flight {unknown}
 t - 2 potions of invisibility {unknown}
 v - 2 potions of haste {unknown}


   Skills:
 + Level 5.2 Fighting
 + Level 7.0(7.2) Axes
 + Level 1.5(4.0) Polearms
 + Level 1.0 Throwing
 + Level 5.2 Armour
 + Level 0.5 Dodging
 + Level 1.1 Stealth
 + Level 4.6 Shields
 + Level 0.3 Evocations


You had 6 spell levels left.
You didn't know any spells.
Your spell library was empty.

Dungeon Overview and Level Annotations

Branches:
Dungeon (6/15)             Temple (0/1) D:5

Altars:
Hepliaklqana

Shops:
D:3 [   D:5 *


Message History

Beogh accepts your kill.
Your Axes skill increases to level 7!
Your Throwing skill increases to level 1!
You hit the gnoll bouda.
The gnoll bouda is moderately wounded.
The gnoll is no longer moving quickly.
The gnoll bouda is no longer moving quickly. x2
You block the gnoll bouda's attack.
You closely miss the gnoll bouda.
The gnoll bouda is moderately wounded.
The gnoll bouda hits you with a +2 whip of freezing.
* * * LOW HITPOINT WARNING * * *
The gnoll bouda freezes you.
* * * LOW HITPOINT WARNING * * *
You closely miss the gnoll bouda.
The gnoll bouda is moderately wounded.
The gnoll bouda hits you with a +2 whip of freezing.
* * * LOW HITPOINT WARNING * * *
The gnoll bouda freezes you.
* * * LOW HITPOINT WARNING * * *
You barely miss the gnoll bouda.
The gnoll bouda is moderately wounded.
The gnoll bouda hits you with a +2 whip of freezing.
* * * LOW HITPOINT WARNING * * *
The gnoll bouda freezes you.
* * * LOW HITPOINT WARNING * * *
The gnoll bouda calls upon its god to heal the gnoll bouda.
The gnoll bouda's wounds heal themselves!
The air fills with toxic fumes!
As you read the scroll labelled QIVYMEC MYSS, it crumbles to dust.
It was a scroll of poison.
The gnoll bouda barks out a call to the hunt!
The gnolls pick up the pace!
You slash the gnoll bouda!
The gnoll bouda is heavily wounded.
The gnoll bouda barely misses you.
The gnoll bouda barks out a call to the hunt!
The gnoll bouda picks up the pace!
The gnoll bouda hits you with a +2 whip of freezing.
You die...

######
#§§..##
#§##..#
♣@♣##.##
♣♣g♣♣#..##
♣gg§♣##..##
♣§§§♣
##..#########
♣§§§§§♣
##..........
♣§♣§§§♣
###########
§§§§♣§§
§§§§§§§§§
♣.###'###.♣


You could see 2 gnoll boudas and a gnoll (swift).

Vanquished Creatures
  2 black bears (D:5)
  An ice beast (D:5)
  A centaur (D:5)
  3 gnoll sergeants (D:6)
  3 hounds
  A gnoll (D:6)
  3 adders (D:2)
  4 ufetubi
  4 dart slugs
  5 orcs (D:5)
  5 ball pythons
  7 bats
  7 endoplasms
  4 giant cockroaches
  8 goblins
  3 hobgoblins
  A quokka (D:4)
  A frilled lizard (D:1)
  4 kobolds
  7 rats
74 creatures vanquished.

Vanquished Creatures (others)
  3 plants (D:5)
3 creatures vanquished.

Grand Total: 77 creatures vanquished

Notes
Turn   | Place    | Note
-------+----------+-------------------------------------------
     0 | D:1      | SmokeWeed the Hill Orc Fighter began the quest for the Orb.
     0 | D:1      | Reached XP level 1. HP: 19/19 MP: 1/1
    47 | D:1      | Reached XP level 2. HP: 27/27 MP: 2/2
   160 | D:1      | Reached skill level 3 in Axes
   284 | D:1      | Reached XP level 3. HP: 33/33 MP: 3/3
   418 | D:1      | You fall into a shaft and drop 1 floor!
   422 | D:2      | Identified a scroll of acquirement
   422 | D:2      | Acquired a +0 pair of gloves of strength
   622 | D:2      | Reached XP level 4. HP: 41/41 MP: 4/4
  1336 | D:3      | Reached skill level 4 in Axes
  1576 | D:3      | Found Loggoute's Armour Shoppe.
  1975 | D:4      | Found a hazy altar of Hepliaklqana.
  2009 | D:4      | Became a worshipper of Beogh the Brigand
  2179 | D:5      | Entered Level 5 of the Dungeon
  2207 | D:5      | Noticed a black bear
  2219 | D:5      | Killed a black bear
  2220 | D:5      | Reached skill level 5 in Axes
  2220 | D:5      | Reached XP level 5. HP: 30/47 MP: 5/5
  2397 | D:5      | Noticed a black bear
  2410 | D:5      | Killed a black bear
  2411 | D:5      | Reached XP level 6. HP: 5/53 MP: 6/6
  2686 | D:5      | Noticed an ice beast
  2694 | D:5      | Killed an ice beast
  2695 | D:5      | Reached skill level 6 in Axes
  2695 | D:5      | Reached skill level 1 in Polearms
  2710 | D:5      | Reached skill level 5 in Fighting
  2710 | D:5      | Reached XP level 7. HP: 25/61 MP: 7/7
  2713 | D:5      | Reached skill level 1 in Stealth
  2716 | D:5      | Reached skill level 5 in Armour
  2846 | D:5      | Found a staircase to the Ecumenical Temple.
  2857 | D:5      | Found Ysiptawn's Assorted Antiques.
  2864 | D:5      | Bought a glimmering quarterstaff for 180 gold pieces
  2864 | D:5      | Identified the +10 quarterstaff "Quqibio" {vorpal, *Slow
                  | rElec Int+4} (You bought it in a shop on level 5 of the
                  | Dungeon)
  3257 | D:6      | Reached skill level 7 in Axes
  3257 | D:6      | Reached skill level 1 in Throwing
  3262 | D:6      | Slain by a gnoll bouda

Illustrated notes

Levels and vault maps discovered:
D:1:      matt_arrival_diagonals, layout_loops_ring, minmay_nonomino_d4
D:2:      layout_basic
D:3:      layout_rooms, serial_shops, nicolae_lakefront_shop
D:4:      layout_cave_pools, mainiacjoe_overflow_small_starburst,
          minmay_misc_feat_chi
D:5:      layout_basic, minmay_temple_entry_gardened_gates, serial_shops,
          nicolae_shop_overgrown_old_shop, corexii_hall_statues_deadend
D:6:      layout_loops_ring, pf_guarded_unrand_woodcutter

Skill      XL: |  1  2  3  4  5  6  7 |
---------------+----------------------+-----
Fighting       | 4 5 |  5.2
Axes           | 3 5 6 7 |  7.0
Armour         | 4 5 |  5.2
Shields        | 4 |  4.6
Polearms       | 1 |  1.5
Stealth        | 1 |  1.1
Throwing       | 1 |  1.0
Dodging        | |  0.5
Evocations     | |  0.3

Action                   |  1- 3 |  4- 6 |  7- 9 || total
-------------------------+-------+-------+-------++-------
Melee: War axe           |    82 |    88 |    39 ||   209
       Trident           |       |    32 |    13 ||    45
Throw: Boomerang         |       |    10 |     2 ||    12
Invok: Convert to Beogh  |       |     1 |       ||     1
Evoke: Wand              |       |     3 |       ||     3
  Use: Scroll            |     1 |     3 |     1 ||     5
       Potion            |       |       |     2 ||     2
 Stab: Paralysed         |       |     1 |       ||     1
Armor: Scale mail        |    42 |    17 |       ||    59
       Plate armour      |       |   148 |    43 ||   191
Dodge: Dodged            |    39 |    81 |    15 ||   135
Block: Buckler           |    23 |    59 |    12 ||    94

Table legend: (Time is in decaauts)
 A = Elapsed time spent in this place.
 B = Non-inter-level travel time spent in this place.
 C = Inter-level travel time spent in this place.
 D = Time resting spent in this place.
 E = Time spent auto-exploring this place.
 F = Levels seen in this place.
 G = Mean time per level.
                   A        B        C        D        E       F      G
               +--------+--------+--------+--------+--------+-----+--------+
         Total |   3340 |   3193 |    147 |    169 |   2393 |   6 |  556.7 |
       Dungeon |   3340 |   3193 |    147 |    169 |   2393 |   6 |  556.7 |
               +--------+--------+--------+--------+--------+-----+--------+

Top non-repeatable levels by time:
     D:5: 974 daAuts
     D:2: 938 daAuts
     D:4: 494 daAuts
     D:1: 437 daAuts
     D:3: 361 daAuts
     D:6: 133 daAuts
